Description

Background: So this is an iteration of what Zoun showed in GSL against Innovation, Harstem tightened the build even more, hitting with more adepts, and replacing the first void ray with an oracle to make the build harder to spot, and provide some early scouting/harass. Description: A very tight stargate build, that focuses on an extremely hard hitting all-in with 2 Void rays, an Oracle, and 22 Adepts with Glaives that will be at your opponent front door at around 6 minutes, use void rays to snipe tanks, medivacs, bunkers, adepts should take care of anything else Terran can throw at you. There is a decent transition possible if the opponent is well prepared for an all-in, just get a nexus after the 5:40 warp-in, then warp-in again for continuous pressure, then follow up with Forge and Charge and transition into mid-game units as you see fit.

VOD

https://www.youtube.com/watch?v=4yrltZqcHKw

Build Order

Get SALT Encoding   

  12  0:00  Probe x2  
  14  0:18  Pylon, Probe x2  
  15  0:39  Gateway, Probe / Chrono Nexus once Pylon finishes  
  17  0:48  Assimilator, Probe x3 / 3 probes into gas ASAP  
  20  1:25  Cybernetics Core / Probes cut until 2nd Pylon  
  20  1:34  Nexus  
  20  1:41  Pylon, Probe  
  21  1:50  Assimilator / Probes cut until Adept  
  21  2:01  Adept (Chrono Boost), Probe x2 / 3 probes into 2nd gas  
  25  2:17  Stargate / Chrono Nexus  
  25  2:22  Adept, Probe  
  28  2:30  Warp Gate, Probe x4 / you can queue a probe in each nexus  
  32  2:55  Adept, Probe  
  35  3:02  Oracle (Chrono Boost), Probe x3  
  41  3:20  Gateway  
  41  3:22  Gateway, Probe x2  
  43  3:25  Pylon / ideally a proxy pylon   
  43  3:40  Twilight Council, Probe x2  
  45  3:49  Void Ray, Probe x2  
  51  3:55  Pylon  
  51  4:02  Assimilator, Probe / cut probes untill Glaives  
  52  4:18  Adept x3  
  58  4:19  Gateway / ideally a proxy gateway  
  58  4:21  Pylon, Probe x2 / done with probes untill the all-in  
  58  4:23  Resonating Glaives (Chrono Boost)  
  60  4:40  Adept x3  
  66  4:43  Pylon  
  66  4:52  Void Ray  
  70  4:54  Pylon  
  70  5:03  Adept x3 / chrono Glaives one last time  
  76  5:22  Adept x4 / move out  
  84  5:24  Pylon  
  84  5:41  Adept x4 / at proxy location  
  92  5:46  Nexus / transition into Forge/Charge, mid game units of choice  
Spawning Tool Build Advisor. Get it on Overwolf

Analysis

Note the Probe timings are nonsense, I didn't bother to write down exact time for each probe but Spawning Tool needs some time to create SALT encoding so I added the timing of last unit/building. Workers are there just to indicate when to queue them up to make the build exxxtra tight

Go to:

Details

  • Created by: Newczes
  • Published on: Sep 20, 2020
  • Modified on: Sep 20, 2020
  • Patch: 4.11.0
  • Difficulty: Hard
Show
View Real Time Build Order
Export as new Build Order

Comments (0)

There are no comments. Be the first!

Create an account to comment!